 Dungeon Crawl Stone Soup version 0.24.0-123-gd5b16e6ec5 (webtiles) character file.

Game seed: 7033878546457446027, levelgen mode: deterministic

280 Elellon the Chopper (level 6, 0/53 HPs)
             Began as a Hill Orc Fighter on Jan 9, 2020.
             Killed from afar by Blork the orc (9 damage)
             ... with a magic dart
             ... on level 3 of the Dungeon.
             The game lasted 00:04:19 (2601 turns).

Elellon the Chopper (Hill Orc Fighter)              Turns: 2601, Time: 00:04:20

Health: 0/53       AC: 11    Str: 21    XL:     6   Next: 27%
Magic:  6/6        EV:  4    Int:  8    God:
Gold:   175        SH:  9    Dex: 10    Spells: 5/5 levels left

rFire    . . .     SeeInvis .   a - +0 war axe
rCold    . . .     Gourm    .   c - +0 shield
rNeg     . . .     Faith    .   m - +0 plate armour
rPois    .         Spirit   .   (no helmet)
rElec    .         Reflect  .   (no cloak)
rCorr    .         Harm     .   (no gloves)
MR       .....                  (no boots)
Stlth    ..........             (no amulet)
HPRegen  0.17/turn              (no ring)
MPRegen  0.10/turn              (no ring)

@: lethally poisoned (0 -> -10)
A: no striking features
a: no special abilities


You were on level 3 of the Dungeon.
You were not hungry.

You visited 1 branch of the dungeon, and saw 4 of its levels.

You collected 175 gold pieces.

Inventory:

Hand Weapons
 a - a +0 war axe (weapon)
Armour
 b - a +0 scale mail
 c - a +0 shield (worn)
 m - a +0 plate armour (worn)
Scrolls
 e - a scroll of amnesia {unknown}
 h - 4 scrolls of identify {unknown}
 i - 3 scrolls of teleportation {unknown}
 j - a scroll of magic mapping {unknown}
 k - 3 scrolls of remove curse {unknown}
 l - 2 scrolls of enchant weapon {unknown}
 o - 2 scrolls of enchant armour {unknown}
 p - a scroll of random uselessness {unknown}
 q - a scroll of blinking {unknown}
Potions
 d - a potion of might
 n - 2 potions of haste {unknown}
Comestibles
 f - 9 rations


   Skills:
 + Level 4.3 Fighting
 * Level 7.1 Axes
 + Level 3.9 Armour
 + Level 3.9 Shields


You had 5 spell levels left.
You didn't know any spells.
Your spell library was empty.

Dungeon Overview and Level Annotations

Branches:
Dungeon (4/15)
 Temple: D:4-7

Altars:
Dithmenos
Gozag
Okawaru
Vehumet
Yredelemnul

Annotations:
D:3 Blork the orc, Edmund


Message History

The orc hits you from afar with a +0 trident.
You block Edmund's attack.
You feel sick. Something hits you.
* * * LOW HITPOINT WARNING * * *
The orc closely misses you.
You climb upwards.
Reactivating autopickup.
* * * LOW HITPOINT WARNING * * *
You feel sick.
There is a stone staircase leading down here.
You closely miss Edmund.
Edmund is severely wounded.
You miss something.
* * * LOW HITPOINT WARNING * * *
You feel sick.
You hear some strange, mumbled words.
A magic dart appears from out of thin air!
Deactivating autopickup; reactivate with Ctrl-A.
The magic dart hits you!
You die...

............#.....#..............
...#.########.....#))).....#.#.#.
..)#..............#....<.........
...#..............#........#.#.#.
.................................
..............#............#.#.#.
..............#..................
...........................#.#.#.
...............@@.......#........
..##..#.#......###.##.###.....#.#
..###...........##.##.###.......#
..###.#.#.......##...............
....#...........##..............#
....###.........................#
....# #.........................#
....###...##................#.###
..........##................#.###


You could see Edmund.

Vanquished Creatures
  A jelly (D:3)
  2 orc wizards (D:4)
  Natasha (D:4)
  6 adders
  2 oozes
  2 worms (D:2)
  2 leopard geckos (D:2)
  8 orcs
  3 giant cockroaches
  10 goblins
  9 hobgoblins
  10 jackals
  2 quokkas
  10 bats
  7 frilled lizards
  9 kobolds
  5 rats
89 creatures vanquished.

Notes
Turn   | Place    | Note
-------+----------+-------------------------------------------
     0 | D:1      | Elellon the Hill Orc Fighter began the quest for the Orb.
     0 | D:1      | Reached XP level 1. HP: 19/19 MP: 1/1
   100 | D:1      | Reached skill level 3 in Axes
   144 | D:1      | Reached XP level 2. HP: 23/26 MP: 2/2
   193 | D:1      | Reached skill level 4 in Axes
   303 | D:1      | Reached XP level 3. HP: 30/31 MP: 3/3
   705 | D:2      | Found a radiant altar of Vehumet.
   774 | D:2      | Reached skill level 5 in Axes
   900 | D:2      | Reached XP level 4. HP: 39/39 MP: 4/4
  1309 | D:2      | Reached skill level 6 in Axes
  1503 | D:3      | Found a shadowy altar of Dithmenos.
  1547 | D:3      | Reached XP level 5. HP: 40/46 MP: 5/5
  1651 | D:3      | Found a faded altar of an unknown god.
  1683 | D:3      | Found an iron altar of Okawaru.
  1925 | D:3      | Found an opulent altar of Gozag.
  2221 | D:4      | Found a basalt altar of Yredelemnul.
  2224 | D:4      | Noticed Natasha
  2237 | D:4      | Killed Natasha
  2237 | D:4      | Reached skill level 7 in Axes
  2237 | D:4      | Reached XP level 6. HP: 44/52 MP: 6/6
  2245 | D:4      | Noticed Blork the orc
  2247 | D:4      | Noticed Edmund
  2288 | D:3      | HP: 2/53 [poisoned by Edmund]
  2601 | D:3      | Killed from afar by Blork the orc

Levels and vault maps discovered:
D:1:      sevenhm_arrival_forest_fort_large_3, layout_rooms,
          chequers_serial_rivers_large_a, minmay_pentomino_z2
D:2:      layout_basic, lemuel_crystal_altar
D:3:      layout_basic, lemuel_crystal_altar,
          nicolae_gozag_cash_rules_everything_around_me,
          overflow_temple_1_default, serial_glass, glass_columns_c,
          glass_columns_c, glass_columns_c, glass_columns_a, glass_columns_a,
          chequers_ecumenical_altar_island
D:4:      layout_basic, lemuel_crystal_altar, zin_treasury,
          minmay_temple_entry_junction, first_ration, uniq_blork_the_orc,
          uniq_natasha, uniq_pikel, uniq_duvessa, uniq_edmund

Skill      XL: |  1  2  3  4  5 |
---------------+----------------+-----
Axes           | 3 4 5 6 7 |  7.1
Fighting       | 4 |  4.3
Armour         | |  3.9
Shields        | |  3.9

Action                   |  1- 3 |  4- 6 || total
-------------------------+-------+-------++-------
Melee: War axe           |    95 |   193 ||   288
  Eat: Chunk             |       |     6 ||     6
Armor: Scale mail        |    38 |       ||    38
       Plate armour      |    10 |   144 ||   154
Dodge: Dodged            |    35 |    27 ||    62
Block: Shield            |    60 |   105 ||   165
